Map: Deathaura LE

Players

PasT - Winner!

  • Race: Zerg Zerg
  • League: Master
  • Spawn Location: 11:00

A.I. 2 (Elite)

  • Race: Terran Terran
  • Spawn Location: 5:00

VOD

Have the link to the VOD?

Description

Time

  • Played on: Aug. 2, 2020, 7:54 p.m.
  • Length: 5:57
Show
View Real Time Build Order
Export as new Build Order

PasT Zerg - Winner!

Build Orders: Hatch First 

Get SALT Encoding   

  12  0:00  Drone  
  13  0:14  Overlord  
  13  0:17  Drone  
  14  0:33  Drone x2  
  16  0:36  Drone  
  17  0:52  Hatchery  
  17  0:55  Drone  
  17  0:58  Drone  
  18  1:09  Extractor  
  17  1:13  Spawning Pool  
  17  1:15  Drone  
  17  1:19  Drone  
  18  1:30  Drone  
  19  1:40  Overlord  
  19  1:54  Drone  
  20  1:59  Queen  
  22  2:02  Zergling x2  
  22  2:04  Queen  
  22  2:05  Zergling x2  
  26  2:09  Metabolic Boost  
  26  2:13  Drone  
  26  2:15  Drone  
  28  2:24  Drone  
  28  2:27  Drone  
  30  2:35  Queen  
  32  2:39  Queen  
  32  2:41  Overlord  
  32  2:43  Overlord  
  34  2:45  Drone  
  35  3:00  Hatchery  
  35  3:02  Drone  
  35  3:04  Drone  
  36  3:06  Drone  
  36  3:08  Drone  
  36  3:11  Drone  
  36  3:12  Drone  
  40  3:15  Drone  
  40  3:18  Drone  
  40  3:19  Drone  
  43  3:22  Drone  
  43  3:26  Extractor  
  43  3:30  Roach Warren  
  42  3:35  Overlord  
  42  3:37  Overlord  
  42  3:41  Overlord  
  42  4:11  Roach x8  
  42  4:13  Roach  
  42  4:14  Roach  
  42  4:15  Roach  
  64  4:22  Roach  
  66  4:27  Zergling x8  
  66  4:28  Zergling x4  
  72  4:32  Spore Crawler  
  72  4:34  Spore Crawler  
  70  4:43  Zergling x2, Lair  
  70  4:44  Drone  
  72  4:46  Drone  
  72  4:49  Drone  
  74  4:55  Drone  
  74  4:56  Drone x2  
  74  4:58  Drone  
  78  5:02  Overlord  
  78  5:04  Drone  
  79  5:09  Evolution Chamber  
  79  5:13  Drone  
  79  5:15  Evolution Chamber  
  74  5:22  Drone x4  
  74  5:26  Drone  
  74  5:27  Drone x2  
  71  5:30  Drone  
  71  5:31  Drone x2  
  69  5:48  Baneling Nest  
  69  5:49  Extractor  
Show
View Real Time Build Order
Export as new Build Order

A.I. 2 (Elite) Terran 

Build Orders: 2 Factory 

Get SALT Encoding   

  12  0:00  SCV  
  13  0:13  SCV  
  14  0:18  Supply Depot  
  14  0:25  SCV  
  15  0:39  SCV  
  16  0:44  Barracks  
  16  0:51  SCV  
  17  1:03  SCV  
  18  1:15  SCV  
  18  1:16  Supply Depot  
  19  1:21  Refinery  
  19  1:28  SCV  
  19  1:32  Marine  
  21  1:40  SCV  
  22  1:50  Refinery, Marine  
  22  1:52  SCV  
  24  2:04  SCV  
  24  2:08  Marine  
  26  2:16  SCV  
  26  2:22  Factory  
  27  2:25  Marine  
  27  2:28  SCV  
  29  2:40  SCV  
  29  2:41  Factory  
  29  2:42  Supply Depot  
  29  2:43  Marine  
  31  2:54  Orbital Command  
  31  3:03  Marine  
  32  3:05  Factory Tech Lab  
  32  3:19  SCV  
  33  3:21  Marine  
  33  3:25  Factory Tech Lab  
  34  3:31  SCV  
  34  3:33  Barracks  
  35  3:43  SCV  
  36  3:49  Supply Depot  
  37  3:55  SCV  
  37  4:07  SCV  
  38  4:10  Siege Tank  
  38  4:11  Siege Tank  
  38  4:12  Supply Depot  
  44  4:19  SCV  
  44  4:23  Barracks  
  45  4:32  SCV  
  45  4:33  Supply Depot, Marine  
  47  4:42  Siege Tank  
  47  4:44  SCV  
  50  4:54  Supply Depot  
  50  4:55  Siege Tank  
  50  4:56  SCV  
  54  5:00  Marine  
  54  5:01  Armory  
  55  5:07  Barracks Tech Lab  
  55  5:08  SCV  
  56  5:16  Marine  
  56  5:18  Supply Depot  
  56  5:20  SCV  
  58  5:23  Marine  
  58  5:25  Marine  
  49  5:32  SCV  
  49  5:34  Marine  
  39  5:44  SCV  
Tags
 
Add a new tag
Caveats
  • Supply blocks, unpowered buildings, or Contaminate may cause inaccurate times.
  • Supply counts are checked every 10 seconds.